 Dungeon Crawl Stone Soup version 0.27.0-1-g7a089689b8 (webtiles) character file.

Game seed: 11512480327678903971

20 ryw the Charlatan (level 2, -1/21 HPs)
             Began as a Demonspawn Artificer on Aug 13, 2021.
             Slain by a jackal (2 damage)
             ... on level 1 of the Dungeon.
             The game lasted 00:03:18 (977 turns).

ryw the Charlatan (Demonspawn Artificer)             Turns: 977, Time: 00:03:20

Health: -1/21      AC:  5    Str: 12    XL:     2   Next: 58%
Magic:  2/2        EV: 11    Int: 12    God:
Gold:   43         SH:  0    Dex: 13    Spells: 1/1 levels left

rFire    . . .     SeeInvis .     - Unarmed
rCold    . . .     Faith    .   (no shield)
rNeg     . . .     Spirit   .   b - +0 leather armour
rPois    .         Reflect  .   (no helmet)
rElec    .         Harm     .   f - +1 cloak
rCorr    .         Rampage  .   (no gloves)
Will     .....                  (no boots)
Stlth    +.........             (no amulet)
HPRegen  0.07/turn              (no ring)
MPRegen  0.08/turn              (no ring)

@: no status effects
A: claws 1
a: no special abilities


You were on level 1 of the Dungeon.
You visited 1 branch of the dungeon, and saw 2 of its levels.

You collected 43 gold pieces.

Inventory:

Hand Weapons
 a - a +0 club
Missiles
 h - a throwing net
 i - 13 poisoned darts
Armour
 b - a +0 leather armour (worn)
 f - a +1 cloak (worn)
Wands
 c - a wand of flame (12) (quivered)
 d - a wand of charming (15)
Scrolls
 g - 4 scrolls of teleportation {unknown}
 k - a scroll of silence {unknown}
 l - 2 scrolls of identify {unknown}
Miscellaneous
 e - a piece from Xom's chessboard (15/15)


   Skills:
 - Level 1.1 Fighting
 - Level 2.1 Armour
 - Level 1.0 Dodging
 - Level 0.8 Stealth
 * Level 1.2 Unarmed Combat
 - Level 3.2 Evocations


You had one spell level left.
You didn't know any spells.
Your spell library contained the following spells:

 Spells                   Type           Power      Damage    Failure   Level
 Sublimation of Blood     Necr           0%         N/A       54%         2
 Petrify                  Tmut/Erth      0%         N/A       99%         4
 Irradiate                Conj/Tmut      0%         3d13      100%        5


Dungeon Overview and Level Annotations

Branches:
Dungeon (2/15)

Altars:

Shops:
D:1 !


Innate Abilities, Weirdness & Mutations

You have sharp fingernails.


Message History

You barely miss the kobold.
The kobold is severely wounded.
The kobold hits you with a +0 short sword.
* * * LOW HITPOINT WARNING * * *
You scratch the kobold but do no damage.
The kobold is severely wounded.
The kobold closely misses you.
You scratch the kobold.
You kill the kobold!
The jackal bites you.
* * * LOW HITPOINT WARNING * * *
You scratch the jackal but do no damage.
The jackal closely misses you.
You scratch the jackal but do no damage.
The jackal bites you but does no damage.
The jackal bites you.
* * * LOW HITPOINT WARNING * * *
You closely miss the jackal. The jackal closely misses you.
Unknown command.
Okay, then.
Aiming: Throw Flame
Press: ? - help, Shift-Dir - straight line, f - jackal
Aim: a jackal (64% to hit)
The puff of flame misses the jackal.
The jackal bites you but does no damage.
Unknown command.
Aiming: Throw Flame
Press: ? - help, Shift-Dir - straight line, f/p - jackal
Aim: a jackal (64% to hit)
The puff of flame misses the jackal.
The jackal bites you but does no damage.
The jackal barely misses you.
Unknown command.
Aiming: Throw Flame
Press: ? - help, Shift-Dir - straight line, f/p - jackal
Aim: a jackal (64% to hit)
The puff of flame hits the jackal.
The jackal is almost dead.
The jackal bites you.
You die...

.# #.........# ##.####...####...#
####.##...#..# ### ##..# ###.#
.............# ### #...## #..
...#.##......####.####..#.## ##.
...#.##.....>.....##.......####..
...####......###...#...###..##...
##.............#..##...# #...#.##
######.....K#.#.......# #.....#
######.hh#@####.## #.....#
#########.#.#h###..####....##
#...............##...#...### ##
#####.###.#####.###....### .# #.#
#.# #..###..## .#######.# ###
##.....## .........# #######
##########


You could see a jackal.

Vanquished Creatures
  A dart slug (D:1)
  An endoplasm (D:1)
  A giant cockroach (D:1)
  A goblin (D:1)
  2 hobgoblins (D:1)
  3 jackals (D:1)
  2 ball pythons
  A frilled lizard (D:1)
  3 kobolds (D:1)
  2 rats (D:1)
17 creatures vanquished.

Notes
Turn   | Place    | Note
-------+----------+-------------------------------------------
     0 | D:1      | ryw the Demonspawn Artificer began the quest for the Orb.
     0 | D:1      | Reached XP level 1. HP: 15/15 MP: 1/1
     8 | D:1      | Found Saudghepo's Distillery.
   375 | D:1      | Reached skill level 1 in Dodging
   375 | D:1      | Gained mutation: You have sharp fingernails. [demonic
                  | ancestry]
   375 | D:1      | Reached XP level 2. HP: 19/21 MP: 2/2
   886 | D:1      | Reached skill level 1 in Unarmed Combat
   939 | D:1      | HP: 1/21 [jackal (1)]
   973 | D:1      | HP: 1/21 [jackal (2)]
   977 | D:1      | Slain by a jackal

Illustrated notes

Levels and vault maps discovered:
D:1:      dpeg_arrival_arbitrary_b, layout_basic, serial_shops, shop,
          minmay_box_of_dots
D:2:      layout_basic, uniq_sigmund

Skill      XL: |  1  2 |
---------------+-------+-----
Armour         | 2 |  2.1
Dodging        | 1 |  1.0
Unarmed Combat | 1 |  1.2
Fighting       | |  1.1
Stealth        | |  0.8
Evocations     | |  3.2

Action                   || total
-------------------------++-------
Melee: Club              ||    17
       Unarmed           ||    70
Evoke: Wand              ||     3
  Use: Potion            ||     2
Armor: Leather armour    ||    48
Dodge: Dodged            ||    74
